 Dungeon Crawl Stone Soup version 0.25-a0-246-g58704a1ebd (webtiles) character file.

Game seed: 18440486696727479751, levelgen mode: deterministic

389 Slobodan the Conjurer (level 6, 41/41 HPs)
             Began as a Demonspawn Wanderer on Nov 27, 2019.
             Quit the game on level 3 of the Dungeon on Dec 3, 2019.
             The game lasted 00:16:44 (1985 turns).

Slobodan the Conjurer (Demonspawn Wanderer)         Turns: 1985, Time: 00:16:44

Health: 41/41      AC:  2    Str: 12    XL:     6   Next: 50%
Magic:  12/12      EV: 11    Int: 20    God:
Gold:   170        SH:  0    Dex: 10    Spells: 10/13 levels left

rFire    . . .     SeeInvis .   c - +0 dagger
rCold    . . .     Gourm    .   (no shield)
rNeg     . . .     Faith    .   d - +0 robe
rPois    .         Spirit   .   (helmet restricted)
rElec    .         Reflect  .   (no cloak)
rCorr    .         Harm     .   (no gloves)
MR       .....                  (no boots)
Stlth    +.........             (no amulet)
HPRegen  0.13/turn              k - +2 ring of intelligence
MPRegen  0.13/turn              (no ring)

@: no status effects
A: horns 1, spiny 1
a: no special abilities


You were on level 3 of the Dungeon.
You were not hungry.

You visited 1 branch of the dungeon, and saw 3 of its levels.

You collected 170 gold pieces.

Inventory:

Hand Weapons
 c - a +0 dagger (weapon)
Missiles
 j - 4 curare-tipped darts (quivered)
Armour
 a - the +0 helmet of Tenacity {*Slow rElec rN+}
   (You took it off Robin on level 2 of the Dungeon)

   It insulates you from electricity.
   It protects you from negative energy.
   It may slow you when you take damage.
 d - a +0 robe (worn)
 i - a +0 helmet
Jewellery
 k - a +2 ring of intelligence (left hand)
Scrolls
 l - 3 scrolls of identify {unknown}
 m - 4 scrolls of remove curse {unknown}
 n - a scroll of teleportation {unknown}
 p - a scroll of enchant weapon {unknown}
 q - a scroll of blinking {unknown}
Potions
 b - a potion of resistance {unknown}
 e - 3 potions of might {unknown}
 g - a potion of brilliance {unknown}
 h - 2 potions of magic {unknown}
 o - a potion of curing {unknown}
 r - a potion of heal wounds {unknown}
 s - a potion of degeneration {unknown}
Comestibles
 f - 7 rations


   Skills:
 + Level 0.1 Fighting
 - Level 1.0 Throwing
   Level 1.0 Shields
 - Level 4.0 Spellcasting
 - Level 7.0 Conjurations
   Level 1.0 Charms
   Level 1.0 Poison Magic


You had 10 spell levels left.
You knew the following spells:

 Your Spells              Type           Power        Failure   Level  Hunger
a - Magic Dart            Conj           ####         1%          1    None
b - Searing Ray           Conj           ####..       1%          2    #......

Your spell library contained the following spells:

 Spells                   Type           Power        Failure   Level  Hunger
 Foxfire                  Conj/Fire      ###.         3%          1    None
 Shock                    Conj/Air       ###.         3%          1    None
 Dazzling Flash           Conj/Hex       ###...       9%          3    ###....
 Mephitic Cloud           Conj/Pois/Air  ##......     13%         3    ###....
 Fulminant Prism          Conj/Hex       ###.......   30%         4    ####...
 Iskenderun's Mystic Bla  Conj/Tloc      ###.....     30%         4    ####...
 Ignite Poison            Fire/Tmut/Pois #.......     32%         3    ###....


Dungeon Overview and Level Annotations

Branches:
Dungeon (3/15)

Altars:


Innate Abilities, Weirdness & Mutations

You have a pair of small horns on your head.
You are partially covered in sharp spines.


Message History

The helpless giant cockroach fails to defend itself.
You hit the giant cockroach.
The giant cockroach is almost dead.
The giant cockroach is struck by your spines.
You kill the giant cockroach!
You now have 170 gold pieces (gained 13).
A ball python comes into view.
You hit the ball python.
The ball python is moderately wounded.
The ball python closely misses you.
You hit the ball python.
The ball python is severely wounded.
The ball python is struck by your spines.
You kill the ball python!
Found 18 stones.
Found 17 stones.
Save game and exit?
Welcome back, Slobodan the Demonspawn Wanderer.
Press ? for a list of commands and other information.
Are you sure you want to abandon this character and quit the game? (Confirm with "yes".)

#...........#.
...##..........##.
#..#.....#.....#..
#.##..........##..
..............#...
#.###........##...
#..####......#.... #.####..#
###...##.... #.....@(#
###.)).... ######.## #####...
#.# ############. #.#
#..........## #####
######.####.....#####.#
#...###..................##.#
####.......##.....##.....##.##.#
#.........####...###.(...##.##.#
#.###.###.# ##.## ####.###.##.#


There were no monsters in sight!

Vanquished Creatures
  Sigmund (D:3)
  An orc wizard (D:3)
  An orc priest (D:3)
  Robin (D:2)
  8 adders
  A worm (D:3)
  4 leopard geckos
  3 orcs (D:3)
  5 giant cockroaches
  12 hobgoblins
  10 kobolds
  A quokka (D:3)
  3 ball pythons
  6 bats
  5 frilled lizards
  16 goblins
  2 rats
80 creatures vanquished.

Notes
Turn   | Place    | Note
-------+----------+-------------------------------------------
     0 | D:1      | Slobodan the Demonspawn Wanderer began the quest for the
                  | Orb.
     0 | D:1      | Slobodan set off with the following items: a +0 club, a +0
                  | robe, a ration; and the following spells available to
                  | memorise: Magic Dart, Flame Tongue, Shock, Searing Ray,
                  | Dazzling Spray, Mephitic Cloud, Ignite Poison, Iskenderun's
                  | Mystic Blast, Force Lance, Fulminant Prism
     0 | D:1      | Reached XP level 1. HP: 13/13 MP: 5/5
     2 | D:1      | Learned a level 1 spell: Magic Dart
   263 | D:1      | Gained mutation: You are partially covered in sharp spines.
                  | [demonic ancestry]
   263 | D:1      | Reached XP level 2. HP: 19/19 MP: 2/7
   399 | D:1      | Reached skill level 3 in Conjurations
   670 | D:2      | Reached XP level 3. HP: 24/24 MP: 8/8
   779 | D:2      | Reached skill level 4 in Conjurations
   912 | D:2      | Reached XP level 4. HP: 30/30 MP: 6/10
  1080 | D:2      | Identified the +0 helmet of Tenacity {*Slow rElec rN+}
  1080 | D:2      | Noticed Robin
  1124 | D:2      | Killed Robin
  1188 | D:2      | Reached skill level 5 in Conjurations
  1496 | D:3      | Noticed Sigmund
  1499 | D:3      | Killed Sigmund
  1499 | D:3      | Reached skill level 6 in Conjurations
  1499 | D:3      | Reached XP level 5. HP: 35/35 MP: 11/11
  1499 | D:3      | Gained mutation: You have a pair of small horns on your
                  | head. [demonic ancestry]
  1499 | D:3      | Reached XP level 6. HP: 41/41 MP: 12/12
  1657 | D:3      | Reached skill level 7 in Conjurations
  1845 | D:3      | Learned a level 2 spell: Searing Ray
  1985 | D:3      | Upgraded the game from 0.25-a0-185-g6cfeca75b2 to
                  | 0.25-a0-246-g58704a1ebd
  1985 | D:3      | Quit the game

Levels and vault maps discovered:
D:1:      wander_arrival_desolate, layout_loops_ring
D:2:      layout_loops_cross, uniq_robin
D:3:      minmay_skewed_foursquare, layout_loops_corners, first_ration,
          uniq_sigmund

Skill      XL: |  1  2  3  4  5  6 |
---------------+-------------------+-----
Conjurations   | 3 4 6 7 |  7.0
Fighting       | |  0.1
Throwing       | |  1.0
Shields        | |  1.0
Spellcasting   | |  4.0
Charms         | |  1.0
Poison Magic   | |  1.0

Action                   |  1- 3 |  4- 6 || total
-------------------------+-------+-------++-------
Melee: Dagger            |    15 |    40 ||    55
       Headbutt          |       |     1 ||     1
Throw: Dart              |     5 |    12 ||    17
 Cast: Magic Dart        |    47 |    55 ||   102
 Stab: Sleeping          |     1 |     1 ||     2
  Eat: Chunk             |       |     3 ||     3
Armor: Robe              |     7 |     4 ||    11
Dodge: Dodged            |     4 |    32 ||    36

Table legend:
 A = Non-vault XP
 B = Vault XP
 C = Vault XP percentage of total XP
 D = Non-vault monster count
 E = Vault monster count
 F = Vault count percentage of total count
                 A         B        C        D         E       F
            +---------+---------+-------+---------+---------+-------
      Total |     276 |     281 |  50.4 |      61 |      19 |  23.8
            +---------+---------+-------+---------+---------+-------
        D:1 |      29 |       0 |   0.0 |      19 |       0 |   0.0
        D:2 |      95 |      39 |  29.1 |      22 |      13 |  37.1
        D:3 |     152 |     242 |  61.4 |      20 |       6 |  23.1
            +---------+---------+-------+---------+---------+-------
